 Dungeon Crawl Stone Soup version 0.18.1-50-g88ac8fd (webtiles) character file.

714498 fanaticazov the Meteorologist (level 27, 97/199 HPs)
             Began as a High Elf Air Elementalist on Oct 11, 2016.
             Was the Champion of Vehumet.
             Drowned
             ... on level 5 of the Abyss on Oct 24, 2016.
             The game lasted 14:42:15 (90542 turns).

fanaticazov the Meteorologist (HEAE)               Turns: 90542, Time: 14:42:15

Health: 97/199     AC: 19    Str:  7    XL:     27
Magic:  29/49      EV: 32    Int: 35    God:    Vehumet [******]
Gold:   8216       SH:  6    Dex: 22    Spells: 13 memorised, 19 levels left

rFire  . . .     SeeInvis +     J - staff of air
rCold  . . .     Gourm    .     D - +2 robe {Archmagi}
rNeg   + . .     Faith    .     E - +0 buckler {AC+3}
rPois  .         Spirit   .     r - +2 helmet {Int+3}
rElec  +         Dismiss  .     A - +2 cloak {+Inv}
rCorr  .         Reflect  .     H - +2 pair of gloves {Dex+3}
SustAt .         Harm     .     O - +2 pair of boots {Stlth+}
MR     ++...                    k - amulet of regeneration
Stlth  +.........               T - ring of see invisible
                                M - ring of positive energy

@: about to teleport, contaminated, glowing, deflect missiles, very resistant to
hostile enchantments, very unstealthy
A: low mp 1
a: Renounce Religion, Evoke Invisibility
}: 4/15 runes: serpentine, barnacled, slimy, silver


You were on level 5 of the Abyss.
You worshipped Vehumet.
Vehumet was exalted by your worship.
You were hungry.

You visited 16 branches of the dungeon, and saw 61 of its levels.
You visited Pandemonium 1 time, and saw 4 of its levels.
You visited the Abyss 1 time.
You visited 1 bazaar.
You also visited: Trove and Bailey.

You collected 11021 gold pieces.
You spent 2805 gold pieces at shops.

Inventory:

Armour
 r - a +2 helmet of intelligence (worn)
 A - a +2 cloak of invisibility (worn)
 D - a +2 robe of the Archmagi (worn)
 E - a +0 buckler of protection (worn)
 H - a +2 pair of gloves of dexterity (worn)
 O - a +2 pair of boots of stealth (worn)
Magical Staves
 J - an uncursed staff of air (weapon)
Jewellery
 k - an amulet of regeneration (around neck)
 o - an uncursed amulet of the gourmand
 C - an uncursed ring of protection from magic
 M - a ring of positive energy (left hand)
 R - an uncursed ring of protection from fire
 T - a ring of see invisible (right hand)
Wands
 l - a wand of paralysis (5/24)
 x - a wand of hasting (2/9)
 y - a wand of heal wounds (3/9)
 V - a wand of disintegration (10/24)
 Z - a wand of digging (7/24)
Scrolls
 e - 2 scrolls of immolation
 f - 3 scrolls of blinking
 g - 17 scrolls of remove curse
 h - 5 scrolls of recharging
 s - 2 scrolls of silence
 t - 4 scrolls of magic mapping
 z - 5 scrolls of fear
 B - 20 scrolls of identify
 F - 10 scrolls of teleportation
 W - 2 scrolls of summoning
 Y - 3 scrolls of fog
Potions
 a - a potion of agility
 c - 2 potions of cancellation
 j - 24 potions of curing
 p - 3 potions of haste
 q - 5 potions of resistance
 w - 7 potions of invisibility
 K - a potion of might
 L - 8 potions of heal wounds
 U - 2 potions of flight
 X - 2 potions of brilliance
Books
 I - a book of the Sky

   Spells                             Type                      Level
   a - Summon Lightning Spire         Summoning/Air                4
   b - Airstrike                      Air                          4
   c - Silence                        Hexes/Air                    5
   d - Deflect Missiles               Charms/Air                   6
   e - Conjure Ball Lightning         Conjuration/Air              6
   f - Tornado                        Air                          9
 S - a book of Annihilations

   Spells                             Type                      Level
   a - Poison Arrow                   Conjuration/Poison           6
   b - Chain Lightning                Conjuration/Air              8
   c - Lehudib's Crystal Spear        Conjuration/Earth            8
   d - Glaciate                       Conjuration/Ice              9
   e - Fire Storm                     Conjuration/Fire             9
Miscellaneous
 b - a box of beasts
 d - 3 phantom mirrors
 i - the horn of Geryon
 m - a fan of gales
 n - a disc of storms
 u - a lamp of fire
 Q - a stone of tremors
Comestibles
 v - 2 bread rations
 G - 3 meat rations
 N - a fruit
 P - 6 beef jerkies


   Skills:
 + Level 19.4 Fighting
 - Level 20.0 Dodging
 * Level 6.0 Stealth
 - Level 4.0 Shields
 + Level 26.9 Spellcasting
 - Level 22.3 Conjurations
 - Level 7.7 Charms
 - Level 6.2 Ice Magic
 O Level 27 Air Magic
 - Level 15.2 Evocations


You had 19 spell levels left.
You knew the following spells:

 Your Spells              Type           Power        Failure   Level  Hunger
a - Shock                 Conj/Air       ####         0%          1    None
b - Swiftness             Chrm/Air       ########     0%          2    None
c - Static Discharge      Conj/Air       ########     0%          3    None
d - Lightning Bolt        Conj/Air       #########.   0%          5    None
e - Deflect Missiles      Chrm/Air       #########.   1%          6    None
g - Freezing Cloud        Conj/Ice/Air   #########.   1%          6    None
h - Orb of Destruction    Conj           ########..   1%          7    None
i - Chain Lightning       Conj/Air       #########.   1%          8    None
j - Tornado               Air            #########.   1%          9    ##.....
k - Summon Butterflies    Summ           ######..     1%          1    None
l - Summon Lightning Spi  Summ/Air       ########     1%          4    None
m - Blink                 Tloc           N/A          1%          2    None
n - Haste                 Chrm           ########     3%          6    None


Dungeon Overview and Level Annotations

Branches:
Dungeon (15/15)            Temple (1/1) D:7            Lair (8/8) D:11
 Shoals (4/4) Lair:4        Snake (4/4) Lair:5        Slime (6/6) Lair:7
    Orc (2/2) D:11            Elf (3/3) Orc:2        Vaults (5/5) D:13
  Crypt (3/3) Vaults:3       Tomb (2/3) Crypt:3      Depths (3/5) D:15
   Hell (1/1)                 Dis (1/7) Hell            Geh (2/7) Hell
    Coc (0/7) Hell            Tar (1/7) Hell

Altars:
Ashenzari
Cheibriados
Dithmenos
Elyvilon
Fedhas
Gozag
Kikubaaqudgha
Makhleb
Nemelex Xobeh
Okawaru
Pakellas
Qazlal
Ru
Sif Muna
Trog
Vehumet
Xom
Yredelemnul
Zin
The Shining One
Beogh
Jiyva

Shops:
D:2 }   D:6 :   Orc:2 (:*[   Elf:2 [   Vaults:5 %

Portals:
Hell: Depths:1 Depths:2 Depths:3
Pandemonium: Depths:1 Depths:2 Depths:3


Innate Abilities, Weirdness & Mutations

Your magical capacity is low (-10% MP).


Message History

Press: ? - help, v - describe, . - travel Some deep water.
There is a cloud of raging winds here.
Are you sure you want to fly over deep water while you are losing your buoyancy?
You feel your power returning.
Your Stealth skill increases to level 6!
You feel a bit more experienced.
The shadow wraith disappears in a puff of smoke!
Really fly into that cloud of poison gas?
Okay, then.
Press: ? - help, v - describe, . - travel Some deep water.
There is a cloud of raging winds here.
You hear a roar!
Are you sure you want to fly over deep water while you are losing your buoyancy?
The winds around you start to calm down.
You float gracefully downwards.
You fall into the water!
You sink like a stone!
You drown...
You die...

.#. .# ..# #.. .#..#
.§§# ....# ### ## #§§
...## ..# .
####§§######§#..##).##W.
#..§§§§#§§§§§#.. .##x§#.
#§§§§#§§§#.§.)#..§##.
###§§§@§§§§#§§.....#A..
≈≈§§§♣§§§§#§§..##§.#.#..
≈≈§§§§§§#§§#§§2.§#§§ ###
≈≈#§§§###§##§§#.#§... #
#§##§ #§#####.2.#))## ..
§# §§§## .....#§##. # #.
##§§ §§..#§#.§#. #.
#.#.§§.##. §# #. ...####
#.#2#.#


You could see a green death.

Vanquished Creatures
  the Royal Jelly (Slime:6)
  Dissolution (Slime:2)
  2 pandemonium lords (Pan)
  2 ancient liches (Vaults:5)
  Mara (Snake:4)
  3 greater mummies (Tomb:1)
  Norris (D:13)
  Vashnia (Snake:4)
  Geryon (Hell)
  5 golden dragons
  5 caustic shrikes (Depths:3)
  A profane servitor (Abyss:5)
  Nikola (Snake:4)
  Jory (Crypt:3)
  8 liches
  2 Brimstone Fiends (Geh:1)
  A hellephant (Hell)
  6 Ice Fiends (Pan)
  A Hell Sentinel (Pan)
  2 tentacled monstrosities (Vaults:5)
  2 deep elf master archers (Elf:3)
  3 titans (Vaults:5)
  The ghost of feelmyfire the Fencer, an adept MiFi of Okawaru (Snake:4)
  2 deep elf blademasters (Elf:3)
  Polyphemus (Shoals:4)
  2 Executioners
  32 acid blobs
  A tentacled starspawn (Abyss:3)
  Frances (D:12)
  7 tengu reavers
  13 sphinxes
  7 shadow dragons
  The ghost of Chiseanne the Thaumaturge, an adept CeAE of Gozag (Shoals:3)
  3 ancient champions
  Kirke (D:12)
  Agnes (D:14)
  The ghost of Vatticson the Bludgeoner, an adept HOBe of Trog (Elf:2)
  17 greater nagas
  3 storm dragons (Vaults:5)
  Roxanne (D:15)
  Maud (Lair:3)
  7 fire giants
  A daeva (Abyss:3)
  2 revenants
  5 deep elf sorcerers
  16 azure jellies
  2 iron dragons
  12 frost giants
  2 orc warlords
  Louise (D:15)
  13 balrugs
  22 vault wardens
  5 deep elf elementalists
  3 chaos champions (Pan)
  A caustic shrike zombie (Depths:3)
  A spriggan defender (Depths:2)
  2 cacodemons
  A black sun (Pan)
  5 ghouls
  Aizul (Snake:3)
  A juggernaut skeleton (Depths:1)
  12 ironheart preservers
  6 war gargoyles
  9 reapers
  20 stone giants
  A corrupter (Pan)
  3 deep elf annihilators (Elf:3)
  6 salamander stormcallers
  11 vampire knights
  23 very ugly things
  3 deep elf demonologists (Elf:3)
  Azrael (D:12)
  2 lorocyprocas
  A blood saint (Pan)
  5 spark wasps (Depths:3)
  A yellow draconian (Vaults:1)
  12 deep elf death magi
  11 merfolk javelineers (Shoals:4)
  4 eidola
  15 ettins
  A quicksilver dragon zombie (Vaults:5)
  11 mummy priests
  2 blizzard demons
  35 vault guards
  A green death (Pan)
  10 jiangshi
  9 death oozes
  8 merfolk impalers
  7 fire dragons
  10 great orbs of eyes
  Fannar (Lair:1)
  A kraken zombie (Hell)
  4 deep elf high priests
  18 yaktaur captains
  6 rakshasas
  4 entropy weavers
  7 hydras
  A hell beast (Depths:2)
  17 naga warriors
  8 ice dragons
  3 monstrous demonspawn (Pan)
  A catoblepas (Shoals:4)
  10 centaur warriors
  5 death knights
  22 ogre magi
  15 anacondas
  4 satyrs
  3 merfolk avatars
  28 dancing weapons
  12 death yaks
  7 deep troll shamans
  10 vampire magi
  4 deep troll earth magi
  10 hell hogs
  13 naga sharpshooters
  An orc high priest (Orc:2)
  4 titan zombies
  4 spriggan berserkers
  Urug (Lair:4)
  6 merfolk aquamancers
  3 thrashing horrors
  3 iron golems
  8 tengu warriors
  29 hell knights
  8 shock serpents
  19 deep elf knights
  20 sun demons
  2 shadow wraiths (Vaults:2)
  16 soul eaters
  3 storm dragon zombies
  6 salamander mystics
  4 iron trolls
  2 titan skeletons
  38 skeletal warriors
  4 wretched stars
  A storm dragon skeleton (Geh:1)
  8 golden dragon zombies
  2 gelid demonspawn
  3 anaconda zombies
  2 giant orange brains
  24 deep trolls
  An unseen horror (shapeshifter) (Vaults:4)
  A ghost moth zombie (Crypt:3)
  6 shadow demons
  13 death scarabs
  23 deep elf archers
  A giant orange brain (shapeshifter) (Depths:2)
  3 putrid demonspawn
  3 unseen horrors
  13 naga ritualists
  9 sea snakes
  8 flayed ghosts
  A torturous demonspawn (Pan)
  A golden dragon skeleton (Geh:1)
  11 hill giants
  An anaconda skeleton (Hell)
  20 orc knights
  A shadow dragon zombie (Geh:1)
  22 ironbrand convokers
  9 anubis guards (Tomb:1)
  10 phantasmal warriors
  A lindwurm (shapeshifter) (Depths:2)
  12 harpies
  2 lindwurms (Lair:8)
  A tengu zombie (Vaults:5)
  3 oklob plants (Lair:2)
  57 ugly things
  17 mana vipers
  14 griffons
  11 necromancers
  A fire giant zombie (Crypt:3)
  3 wizards
  A wolf spider (Vaults:2)
  64 deep elf magi
  8 sixfirhies
  A mana viper (shapeshifter) (Vaults:1)
  3 worldbinders
  2 hornets
  14 salamanders
  3 shining eyes
  6 orc sorcerers
  147 slime creatures
  7 cyclopes
  15 manticores
  8 fauns
  2 centaur zombies
  An elephant (shapeshifter) (Depths:3)
  10 elephants
  4 fire giant skeletons
  An apocalypse crab (Abyss:3)
  A stone giant skeleton (Depths:1)
  16 sirens
  An iron dragon skeleton (Crypt:2)
  2 dire elephant zombies
  7 guardian serpents
  A black mamba (shapeshifter) (Vaults:1)
  2 ice statues
  22 naga magi
  14 rust devils
  9 orange demons
  6 water nymphs
  60 black mambas
  5 gargoyles
  Psyche (D:11)
  A spiny frog (shapeshifter) (Depths:3)
  18 vault sentinels
  A torpor snail (shapeshifter) (Vaults:1)
  A molten gargoyle (Geh:2)
  14 smoke demons
  4 eyes of devastation
  9 torpor snails
  21 spiny frogs
  2 water nymphs (shapeshifter)
  7 hellions
  5 kobold demonologists
  6 centaur skeletons
  14 freezing wraiths
  2 efreet (Abyss:1)
  2 yaktaurs (shapeshifter)
  2 rime drakes
  4 hellwings (Pan)
  15 komodo dragons
  A black draconian skeleton (Crypt:2)
  4 ice devils
  50 yaktaurs
  8 tormentors
  16 red devils
  3 tengu conjurers
  14 guardian mummies
  A demonic crawler (Pan)
  6 polar bears
  A queen bee (shapeshifter) (Depths:2)
  A troll (shapeshifter) (Vaults:4)
  A jumping spider (shapeshifter) (Vaults:5)
  3 ancient zymes (Abyss:3)
  A harpy zombie (Dis:1)
  13 trolls
  6 giant leeches (Lair:8)
  A jumping spider (Depths:2)
  A merfolk (shapeshifter) (Vaults:5)
  25 merfolk
  3 wind drakes
  2 bog bodies
  3 human skeletons
  29 two-headed ogres
  A harpy skeleton (Geh:2)
  A death drake zombie (Crypt:3)
  A hornet zombie (D:15)
  A jumping spider zombie (Crypt:2)
  Grinder (D:3)
  22 blink frogs
  3 boulder beetles
  A snapping turtle (shapeshifter) (Vaults:1)
  A raiju (Abyss:3)
  3 ettin zombies
  A guardian serpent zombie (Crypt:3)
  An alligator zombie (Geh:1)
  9 shadows
  12 snapping turtles
  A fire dragon skeleton (Crypt:1)
  An ettin skeleton (Geh:1)
  22 water elementals
  7 starcursed masses
  36 flying skulls
  3 air elementals
  A black mamba zombie (Tar:1)
  3 alligator skeletons
  15 redbacks
  5 ynoxinuls
  A spriggan simulacrum (Depths:3)
  5 wraiths
  A fire bat (shapeshifter) (Elf:3)
  6 fire bats
  6 spriggans
  3 tarantellas
  4 wyverns
  86 yaks
  A yak (shapeshifter) (Abyss:4)
  12 vampire mosquitoes
  10 fire elementals
  19 humans
  20 vampires
  A yaktaur simulacrum (Depths:1)
  4 hungry ghosts
  5 chaos spawn
  2 hogs (D:12)
  11 hippogriffs
  4 steam dragons
  21 golden eyes
  4 basilisks
  61 nagas
  8 neqoxecs
  15 large abominations
  4 mottled dragons
  7 wargs
  A faun zombie (Crypt:3)
  19 water moccasins
  A soldier ant (D:12)
  4 giant eyeballs
  A giant eyeball (shapeshifter) (Vaults:1)
  3 spiny frog zombies
  9 hell hounds
  14 porcupines
  3 spiny frog skeletons (Hell)
  A swamp drake (shapeshifter) (Vaults:5)
  10 ice beasts
  7 sky beasts
  49 orc warriors
  A black bear (shapeshifter) (Vaults:1)
  A lindwurm zombie (Crypt:2)
  2 snapping turtle zombies
  7 wasps
  2 phantoms
  2 eyes of draining (shapeshifter)
  3 boggarts (Depths:3)
  74 ogres
  4 black bears
  14 necrophages
  14 centaurs
  11 eyes of draining
  A manticore zombie (Geh:1)
  An alligator simulacrum (Hell)
  A swamp dragon zombie (Dis:1)
  9 wolves
  A rime drake zombie (Crypt:1)
  A crocodile (shapeshifter) (Depths:2)
  21 crocodiles
  11 small abominations
  3 big kobolds
  28 giant frogs
  A hog skeleton (Crypt:3)
  2 wyvern zombies
  2 human simulacra
  4 earth elementals
  A spiny frog simulacrum (Hell)
  2 spriggan zombies (Crypt:1)
  A scorpion (D:13)
  A shapeshifter zombie (Crypt:2)
  A water moccasin skeleton (D:6)
  A warg skeleton (Crypt:1)
  35 wights
  An electric eel (Lair:5)
  9 crimson imps
  3 giant frog zombies
  2 human zombies
  2 quasits
  25 orc priests
  A two-headed ogre zombie (Crypt:2)
  3 giant frog skeletons
  9 hounds
  46 jellies
  39 orc wizards
  5 iron imps
  12 iguanas
  4 yak simulacra (Lair:2)
  A polar bear simulacrum (Lair:2)
  8 worker ants
  A killer bee zombie (D:9)
  2 wolf simulacra (Lair:2)
  39 sheep
  A mottled dragon zombie (Crypt:1)
  A naga skeleton (Crypt:1)
  19 mummies
  A hound zombie (D:6)
  3 worker ant zombies
  16 gnolls
  A gnoll (shapeshifter) (Vaults:5)
  A howler monkey skeleton (D:5)
  76 river rats
  A swamp drake zombie (Crypt:3)
  17 adders
  9 shadow imps
  2 swamp drake skeletons (Crypt:1)
  3 white imps
  4 ufetubi
  2 oozes
  2 sheep skeletons
  2 adder skeletons
  A halfling skeleton (Crypt:2)
  19 worms
  2 dart slugs
  4 giant geckos
  108 orcs
  8 bats
  4 giant cockroaches
  22 goblins
  7 hobgoblins
  6 jackals
  32 kobolds
  A ball python (D:4)
  A giant gecko skeleton (D:6)
  3 giant newts
  A giant newt skeleton (Crypt:3)
  A jackal skeleton (Crypt:2)
  A kobold skeleton (Crypt:1)
  An orc skeleton (Crypt:3)
  A quokka skeleton (D:6)
  6 rats
  4 river rat simulacra (Lair:2)
  4 bushes (Lair:8)
  15 fungi
  7 lost souls
  131 plants
  2 starspawn tentacles (Abyss:3)
3592 creatures vanquished.

Vanquished Creatures (collateral kills)
  Rupert (D:12)
  A vault warden (Vaults:1)
  An ironheart preserver (Vaults:1)
  3 vault guards (Vaults:1)
  A deep elf knight (Vaults:1)
  A deep elf mage (Elf:3)
  A mana viper (Snake:4)
  A harpy (Vaults:1)
  A black mamba (Snake:4)
  2 centaur skeletons
  2 two-headed ogres
  A giant eyeball (Vaults:1)
  A black bear (D:12)
17 creatures vanquished.

Vanquished Creatures (others)
  An eldritch tentacle (Dis:1)
  Ilsuiw (Shoals:4)
  8 ball lightnings
  3 humans (D:12)
  An orc (D:15)
  A bush (Lair:8)
  119 eldritch tentacle segments (Dis:1)
  56 fungi
  3 lost souls
  A lurking horror (Abyss:1)
  71 plants
  2 starspawn tentacles (Abyss:4)
  4 starspawn tentacle segments (Abyss:3)
271 creatures vanquished.

Grand Total: 3880 creatures vanquished

Notes
Turn   | Place    | Note
--------------------------------------------------------------
     0 | D:1      | fanaticazov the High Elf Air Elementalist began the quest for the Orb.
     0 | D:1      | Reached XP level 1. HP: 11/11 MP: 4/4
   433 | D:1      | Reached XP level 2. HP: 15/17 MP: 2/6
   437 | D:1      | Learned a level 2 spell: Swiftness
  1455 | D:2      | Reached skill level 4 in Air Magic
  1455 | D:2      | Reached XP level 3. HP: 19/21 MP: 1/8
  1671 | D:2      | Found a sparkling altar of Nemelex Xobeh.
  1673 | D:2      | Found an opulent altar of Gozag.
  1914 | D:2      | Found an oddly glowing altar of Pakellas.
  1914 | D:2      | Found Pakellas's Prime Provisions.
  2184 | D:3      | Learned a level 3 spell: Static Discharge
  2188 | D:3      | Reached XP level 4. HP: 27/27 MP: 6/9
  2301 | D:3      | Found an iron altar of Okawaru.
  2545 | D:3      | Noticed Grinder
  2560 | D:3      | Killed Grinder
  2560 | D:3      | Reached skill level 1 in Fighting
  2560 | D:3      | Reached skill level 1 in Evocations
  2560 | D:3      | Reached XP level 5. HP: 21/33 MP: 7/11
  2560 | D:3      | Reached XP level 6. HP: 25/38 MP: 7/12
  2872 | D:3      | Found a deep blue altar of Sif Muna.
  3150 | D:4      | Learned a level 5 spell: Lightning Bolt
  3158 | D:4      | Reached skill level 5 in Air Magic
  3677 | D:4      | Reached XP level 7. HP: 44/44 MP: 5/14
  4119 | D:4      | Reached skill level 5 in Conjurations
  4457 | D:4      | Learned a level 2 spell: Repel Missiles
  4563 | D:5      | Entered Level 5 of the Dungeon
  5047 | D:5      | Found an ancient bone altar of Kikubaaqudgha.
  5141 | D:5      | Reached XP level 8. HP: 32/51 MP: 0/16
  5243 | D:5      | Reached skill level 5 in Spellcasting
  5318 | D:5      | Found a white marble altar of Elyvilon.
  5772 | D:6      | Reached skill level 6 in Air Magic
  5973 | D:6      | Found a basalt altar of Yredelemnul.
  6264 | D:6      | Found a glowing golden altar of the Shining One.
  6755 | D:6      | Found an oddly glowing altar of Pakellas.
  7120 | D:6      | Found Soepafae's Book Emporium.
  7483 | D:7      | Reached XP level 9. HP: 38/58 MP: 1/18
  7516 | D:7      | Found a shimmering altar of Xom.
  7529 | D:7      | Identified a scroll of acquirement
  7550 | D:7      | Found a shimmering altar of Xom.
  7551 | D:7      | Found a shimmering altar of Xom.
  7556 | D:7      | You fall through a shaft!
  7687 | D:8      | Reached skill level 5 in Dodging
  7991 | D:7      | Found a staircase to the Ecumenical Temple.
  7996 | Temple   | Entered the Ecumenical Temple
  8001 | Temple   | Became a worshipper of Vehumet
  8030 | D:7      | Found a burning altar of Makhleb.
  8359 | D:8      | Reached skill level 7 in Air Magic
  8903 | D:8      | Found a glowing golden altar of the Shining One.
  9023 | D:8      | Found a sacrificial altar of Ru.
  9320 | D:8      | Noticed a brown ugly thing
 10176 | D:9      | Reached XP level 10. HP: 65/65 MP: 14/21
 10363 | D:9      | Reached skill level 5 in Fighting
 10366 | D:9      | Reached skill level 8 in Air Magic
 10608 | D:9      | Found a shattered altar of Ashenzari.
 10609 | D:9      | Found a stormy altar of Qazlal.
 10617 | D:9      | Learned a level 3 spell: Stone Arrow
 10658 | D:9      | Reached skill level 5 in Evocations
 10829 | D:10     | Entered Level 10 of the Dungeon
 11115 | D:10     | Killed an unseen horror
 11258 | D:10     | Noticed a cyclops
 11268 | D:10     | Reached * piety under Vehumet
 11268 | D:10     | Offered knowledge of Flame Tongue by Vehumet.
 11437 | D:10     | Killed a cyclops
 11499 | D:10     | Reached skill level 10 in Conjurations
 12547 | D:11     | Noticed a hill giant
 12550 | D:11     | Killed a hill giant
 12555 | D:11     | Reached skill level 9 in Air Magic
 12555 | D:11     | Reached XP level 11. HP: 72/72 MP: 5/23
 12611 | D:10     | Noticed a centaur warrior
 12655 | D:11     | Offered knowledge of Searing Ray by Vehumet.
 12722 | D:11     | Noticed Psyche
 12764 | D:11     | Reached ** piety under Vehumet
 12908 | D:11     | Found a staircase to the Orcish Mines.
 12918 | D:11     | Killed Psyche
 13039 | D:11     | Found a staircase to the Lair.
 13077 | Lair:1   | Entered Level 1 of the Lair of Beasts
 13267 | Lair:1   | HP: 3/74 [poisoned by a water moccasin]
 13595 | Lair:1   | Noticed Fannar
 13646 | Lair:1   | Reached skill level 10 in Air Magic
 13881 | Lair:1   | Offered knowledge of Dazzling Spray by Vehumet.
 14622 | Lair:1   | Killed Fannar
 14744 | Lair:1   | Reached *** piety under Vehumet
 14904 | Lair:1   | Learned a level 6 spell: Freezing Cloud
 15006 | Lair:1   | Offered knowledge of Sticky Flame by Vehumet.
 15006 | Lair:1   | Reached XP level 12. HP: 81/81 MP: 18/26
 15419 | Lair:2   | Reached skill level 11 in Air Magic
 15921 | Lair:2   | Reached **** piety under Vehumet
 16274 | Lair:3   | Offered knowledge of Bolt of Magma by Vehumet.
 16702 | Lair:3   | Got a scorched leather armour
 16795 | Lair:3   | Noticed an ice dragon
 16817 | Lair:3   | Reached skill level 12 in Air Magic
 16819 | Lair:3   | Reached skill level 1 in Ice Magic
 17208 | Lair:3   | Reached ***** piety under Vehumet
 17458 | Lair:3   | Offered knowledge of Orb of Destruction by Vehumet.
 17941 | Lair:3   | Killed an ice dragon
 18075 | Lair:3   | Noticed Maud
 18084 | Lair:3   | Killed Maud
 18116 | Lair:3   | Reached skill level 10 in Spellcasting
 18707 | Lair:3   | Reached XP level 13. HP: 66/88 MP: 20/28
 19213 | Lair:4   | Learned a level 7 spell: Orb of Destruction
 19349 | Lair:4   | Identified the cursed +1 leather armour of Agnosticism {Dex+2} (You found it on level 3 of the Lair of Beasts)
 19385 | Lair:4   | Noticed Urug
 19390 | Lair:4   | Killed Urug
 19608 | Lair:4   | Reached skill level 13 in Air Magic
 20343 | Lair:4   | Found a staircase to the Shoals.
 20368 | Lair:4   | Got a smoking robe
 20869 | Lair:5   | Found a staircase to the Snake Pit.
 21685 | Lair:5   | Identified the +0 robe of Honesty {*Confuse Str+3} (You found it on level 4 of the Lair of Beasts)
 21897 | Lair:6   | Offered knowledge of Bolt of Draining by Vehumet.
 22155 | Lair:6   | Reached skill level 14 in Air Magic
 22313 | Lair:6   | Reached XP level 14. HP: 95/97 MP: 18/29
 22462 | Lair:3   | Reached skill level 10 in Dodging
 23072 | Lair:6   | You fall through a shaft for 2 floors!
 23072 | Lair:8   | Entered Level 8 of the Lair of Beasts
 24188 | Lair:7   | Reached skill level 5 in Ice Magic
 24496 | Lair:7   | Found a staircase to the Slime Pits.
 25223 | Lair:8   | Reached skill level 15 in Air Magic
 26123 | Lair:8   | Found a runed door.
 27033 | Lair:8   | Offered knowledge of Ozocubu's Refrigeration by Vehumet.
 27281 | Lair:8   | Reached XP level 15. HP: 88/103 MP: 19/31
 27440 | Lair:8   | Reached skill level 10 in Fighting
 27977 | Orc:1    | Entered Level 1 of the Orcish Mines
 28611 | Orc:2    | Entered Level 2 of the Orcish Mines
 28611 | Orc:2    | Found a staircase to the Elven Halls.
 28735 | Orc:1    | Noticed an orc warlord
 28756 | Orc:1    | Killed an orc warlord
 28787 | Orc:1    | Offered knowledge of Spellforged Servitor by Vehumet.
 29443 | Orc:2    | Reached skill level 10 in Evocations
 29913 | Orc:2    | Noticed an orc warlord
 30582 | Orc:2    | Killed an orc warlord
 30661 | Orc:2    | Reached skill level 16 in Air Magic
 31195 | Orc:2    | Found a roughly hewn altar of Beogh.
 31213 | Orc:2    | Found Wagga's General Store.
 31224 | Orc:2    | Found Laringo's Antique Weapon Boutique.
 31293 | Orc:2    | Found Umuotox's Book Boutique.
 31309 | Orc:2    | Found Codel's Antique Armour Boutique.
 31332 | Orc:2    | Bought a book of Annihilations for 1545 gold pieces
 31341 | Orc:2    | Learned a level 8 spell: Chain Lightning
 31729 | D:11     | Offered knowledge of Conjure Ball Lightning by Vehumet.
 32354 | D:12     | Noticed Frances
 32374 | D:12     | Killed Frances
 32822 | D:12     | Noticed Kirke
 32826 | D:12     | Killed Kirke
 32834 | D:12     | Reached ****** piety under Vehumet
 33099 | D:12     | Noticed Azrael
 33106 | D:12     | Killed Azrael
 33220 | D:12     | Noticed Rupert
 33385 | D:13     | Found a gate to the Vaults.
 33385 | D:13     | Noticed Norris
 33497 | D:12     | Paralysed by Rupert for 5 turns
 33516 | D:12     | Killed Rupert
 33746 | D:12     | Found a portal to a secret trove of treasure.
 33828 | D:10     | You fall through a shaft!
 33944 | D:6      | Bought a book of the Dragon for 1260 gold pieces
 34080 | D:12     | You paid a toll of a book of the Dragon to enter a treasure trove
 34081 | Trove    | Entered a treasure trove
 34320 | D:12     | Learned a level 6 spell: Conjure Ball Lightning
 34419 | D:13     | Found an oddly glowing altar of Pakellas.
 34506 | D:13     | Offered knowledge of Bolt of Cold by Vehumet.
 34764 | D:12     | Reached XP level 16. HP: 95/110 MP: 31/34
 34842 | D:13     | Killed Norris
 35661 | D:14     | Found a deep blue altar of Sif Muna.
 35686 | D:14     | Found a flagged portal.
 35695 | Bailey   | Entered a bailey
 35746 | Bailey   | Offered knowledge of Iron Shot by Vehumet.
 36162 | D:14     | Reached skill level 1 in Shields
 36664 | D:14     | Noticed Agnes
 36668 | D:14     | Killed Agnes
 36976 | D:15     | Entered Level 15 of the Dungeon
 37175 | D:15     | Noticed Louise
 37292 | D:15     | Found a blossoming altar of Fedhas.
 37898 | D:15     | Noticed Roxanne
 38251 | D:15     | Killed Louise
 38251 | D:15     | Reached skill level 15 in Conjurations
 38449 | D:15     | Found a staircase to the Depths.
 38547 | D:15     | Killed Roxanne
 38553 | D:15     | Identified Roxanne's Tome of Earth (You took it off Roxanne on level 15 of the Dungeon)
 39284 | Snake:1  | Entered Level 1 of the Snake Pit
 40729 | Snake:2  | Reached XP level 17. HP: 64/117 MP: 10/36
 41292 | Snake:2  | Offered knowledge of Glaciate by Vehumet.
 41292 | Snake:2  | Offered knowledge of Shatter by Vehumet.
 41292 | Snake:2  | Offered knowledge of Tornado by Vehumet.
 41666 | Snake:2  | You fall through a shaft!
 41673 | Snake:3  | Noticed Aizul
 41681 | Snake:3  | Killed Aizul
 41681 | Snake:3  | Reached skill level 15 in Spellcasting
 43957 | Snake:3  | Got a steaming ruby amulet
 43959 | Snake:3  | Identified the amulet of Uxed {Faith Dex+4} (You took it off a salamander on level 3 of the Snake Pit)
 44327 | Snake:4  | Entered Level 4 of the Snake Pit
 44623 | Snake:4  | Noticed feelmyfire's ghost (adept MiFi)
 44918 | Snake:4  | Noticed Mara
 44969 | Snake:3  | Reached skill level 17 in Air Magic
 45340 | Snake:4  | Found an ancient bone altar of Kikubaaqudgha.
 45346 | Snake:4  | Killed Mara
 45510 | Snake:4  | Noticed Nikola
 45514 | Snake:4  | Killed Nikola
 45514 | Snake:4  | Reached XP level 18. HP: 73/126 MP: 1/39
 46272 | Snake:4  | Killed feelmyfire's ghost
 46465 | Snake:4  | Noticed Vashnia
 47174 | Snake:4  | Killed Vashnia
 49782 | Snake:4  | Got a serpentine rune of Zot
 50218 | Vaults:1 | Entered Level 1 of the Vaults
 50602 | Vaults:1 | Learned a level 9 spell: Tornado
 50647 | Vaults:1 | Reached XP level 19. HP: 123/133 MP: 24/41
 50853 | Vaults:1 | Got a shimmering shield
 51086 | Vaults:1 | Paralysed by a giant eyeball for 4 turns
 51099 | Vaults:1 | Reached skill level 18 in Air Magic
 51611 | Vaults:1 | Identified the +5 shield of Ennui {+Blink rF++ MR- rCorr} (You found it on level 1 of the Vaults)
 52748 | Vaults:2 | Found a flickering gateway to a bazaar.
 52753 | Bazaar   | Entered a bazaar
 52755 | Bazaar   | Found Higutow's Food Shop.
 52802 | Bazaar   | Found Hucvot's Weapon Emporium.
 52821 | Bazaar   | Found Wesk's Antique Weapon Shoppe.
 52830 | Bazaar   | Found Inleid's Weapon Shop.
 53811 | Vaults:2 | Reached XP level 20. HP: 120/140 MP: 23/43
 55608 | Vaults:3 | Reached skill level 19 in Air Magic
 55655 | Vaults:3 | Found a staircase to the Crypt.
 55655 | Vaults:3 | Found an ancient bone altar of Kikubaaqudgha.
 55656 | Vaults:3 | Found a basalt altar of Yredelemnul.
 57652 | Vaults:4 | Found a deep blue altar of Sif Muna.
 57830 | Vaults:5 | Entered Level 5 of the Vaults
 57835 | Vaults:5 | Reached XP level 21. HP: 144/148 MP: 45/45
 57840 | Vaults:5 | Noticed an ancient lich
 57841 | Vaults:5 | Noticed a golden dragon
 57845 | Vaults:5 | Killed an ancient lich
 57846 | Vaults:5 | Killed a golden dragon
 57856 | Vaults:5 | Reached skill level 20 in Air Magic
 58398 | Shoals:1 | Entered Level 1 of the Shoals
 58808 | Shoals:1 | Got an ancient quarterstaff
 59315 | Shoals:2 | Gained mutation: You are somewhat resistant to further mutation. [potion of beneficial mutation]
 60072 | Shoals:3 | Noticed Chiseanne's ghost (adept CeAE)
 60082 | Shoals:3 | Killed Chiseanne's ghost
 60564 | Shoals:4 | Entered Level 4 of the Shoals
 60568 | Shoals:4 | Noticed Polyphemus
 60570 | Shoals:4 | Killed Polyphemus
 60571 | Shoals:4 | Noticed Ilsuiw
 60573 | Shoals:4 | Killed Ilsuiw
 61145 | Shoals:4 | Reached XP level 22. HP: 118/155 MP: 37/47
 61203 | Shoals:4 | Got a barnacled rune of Zot
 62664 | Vaults:5 | Noticed a golden dragon
 62664 | Vaults:5 | Reached skill level 21 in Air Magic
 62669 | Vaults:5 | Noticed an ancient lich
 62670 | Vaults:5 | Killed a golden dragon
 62674 | Vaults:5 | Killed an ancient lich
 62678 | Vaults:5 | Reached skill level 15 in Fighting
 62947 | Vaults:5 | Noticed a golden dragon
 62952 | Vaults:5 | Killed a golden dragon
 64151 | Vaults:5 | Reached XP level 23. HP: 145/162 MP: 0/49
 64226 | Vaults:5 | Got a scorched shield
 64250 | Vaults:5 | Got a fine robe
 64570 | Vaults:5 | Identified the +2 shield of the Forsaken Eyes {rCorr} (You found it on level 5 of the Vaults)
 64586 | Vaults:5 | Identified the +2 robe of Qazlal's Esteem {-Tele rF+ Dex+4} (You found it on level 5 of the Vaults)
 64643 | Vaults:5 | Found Yptio's Food Boutique.
 64663 | Vaults:5 | Got a silver rune of Zot
 64723 | Vaults:5 | Reached skill level 15 in Dodging
 64864 | Vaults:5 | Got an ancient ruby amulet
 64866 | Vaults:5 | Identified the amulet "Cungeu Deuno" {Inacc rC+} (You found it on level 5 of the Vaults)
 65429 | D:11     | Learned a level 1 spell: Summon Butterflies
 65436 | D:11     | Learned a level 4 spell: Summon Lightning Spire
 65506 | Elf:1    | Entered Level 1 of the Elven Halls
 65593 | Elf:1    | Reached skill level 22 in Air Magic
 65691 | Elf:1    | Reached skill level 15 in Evocations
 66739 | Elf:2    | Found Jauqiupn's Antique Armour Boutique.
 66768 | Elf:2    | Found a runed gate.
 66768 | Elf:2    | Found a runed gate.
 66789 | Elf:2    | Found a runed gate.
 66936 | Elf:2    | Noticed Vatticson's ghost (adept HOBe)
 66943 | Elf:2    | Killed Vatticson's ghost
 67518 | Elf:3    | Entered Level 3 of the Elven Halls
 67912 | Elf:3    | Got a smoking broad axe {freeze}
 67955 | Elf:3    | Got a pair of twisted gloves
 68042 | Elf:3    | Got a clouded pewter amulet
 68061 | Elf:3    | Identified the +3 broad axe of the Thirteen Eyes {freeze, rN+ MR- Dex+4} (You took it off a deep elf death mage on level 3 of the Elven Halls)
 68072 | Elf:3    | Identified the cursed -7 pair of gloves "Sympo" {+Blink Int-3 Dex-4 Stlth+} (You found it on level 3 of the Elven Halls)
 68075 | Elf:3    | Identified the amulet of Keuneeg {Inacc Str+4} (You found it on level 3 of the Elven Halls)
 68143 | Elf:3    | Identified Gegri's Disquisition on Shifting Flames
 68169 | Elf:3    | Learned a level 2 spell: Blink
 68183 | Elf:3    | Identified the Collected Works on the Oath
 68212 | Elf:3    | Got an ichor-stained mace
 68213 | Elf:3    | Identified the +7 mace of Contradiction {flame, Int+2 SInv} (You found it on level 3 of the Elven Halls)
 68337 | Elf:3    | Got a twisted dagger
 68338 | Elf:3    | Identified the +9 dagger "Vaekhamo" {pain, MR+ Str+3 Dex+3} (You found it on level 3 of the Elven Halls)
 68350 | Elf:3    | Got a jewelled flail
 68351 | Elf:3    | Identified the cursed +2 flail "Onor" {speed, Dex+5} (You found it on level 3 of the Elven Halls)
 69151 | Depths:1 | Entered Level 1 of the Depths
 69169 | Depths:1 | Reached XP level 24. HP: 93/171 MP: 46/50
 69447 | Depths:1 | Reached skill level 23 in Air Magic
 69824 | Depths:1 | Found a one-way gate leading to the halls of Pandemonium.
 69896 | Depths:1 | Identified Zehiddeh's Volume of Earthen Poisoning
 70026 | Depths:1 | Found a gateway to Hell.
 71050 | Depths:2 | Found a runed gate.
 71050 | Depths:2 | Found a runed gate.
 71050 | Depths:2 | Found a runed gate.
 71070 | Depths:2 | Got a vibrating ivory ring
 71083 | Depths:2 | Found a runed gate.
 71083 | Depths:2 | Found a runed gate.
 71083 | Depths:2 | Found a runed gate.
 71098 | Depths:2 | Identified the ring "Iseus" {rElec rC- Str+2 Int+3 Stlth-} (You took it off a deep elf death mage on level 2 of the Depths)
 72192 | Depths:3 | Reached XP level 25. HP: 151/179 MP: 4/51
 72201 | Depths:3 | Reached skill level 24 in Air Magic
 74216 | Crypt:1  | Entered Level 1 of the Crypt
 74683 | Crypt:1  | Reached skill level 1 in Charms
 75760 | Crypt:3  | Entered Level 3 of the Crypt
 76073 | Crypt:3  | Paralysed by a vampire knight for 2 turns
 76263 | Crypt:3  | Noticed Jory
 76277 | Crypt:3  | Killed Jory
 76450 | Crypt:3  | Found a staircase to the Tomb.
 76742 | Crypt:3  | Got an ancient brass amulet
 76744 | Crypt:3  | Identified the amulet "Meam" {Harm *Drain *Corrode rN++ MR+ Str+4} (You found it on level 3 of the Crypt)
 76755 | Crypt:3  | Got a crude leather armour
 76766 | Crypt:3  | Identified the +1 leather armour "Mitonum" {Regen+ rCorr Str-5 Int+4} (You found it on level 3 of the Crypt)
 77418 | Vaults:1 | Reached XP level 26. HP: 187/187 MP: 41/51
 77616 | D:11     | Learned a level 6 spell: Deflect Missiles
 77624 | D:11     | Learned a level 6 spell: Haste
 77800 | Hell     | Entered the Vestibule of Hell
 77800 | Hell     | Noticed Geryon
 77804 | Hell     | Reached skill level 25 in Air Magic
 77807 | Hell     | Killed Geryon
 78102 | Hell     | Reached skill level 5 in Charms
 78201 | Hell     | Found a gateway to the Iron City of Dis.
 78274 | Hell     | Found a gateway to the ashen valley of Gehenna.
 78339 | Hell     | Found a gateway to the decaying netherworld of Tartarus.
 78425 | Hell     | Found a gateway to the freezing wastes of Cocytus.
 78861 | Tomb:1   | Entered Level 1 of the Tomb of the Ancients
 79012 | Tomb:1   | Noticed a greater mummy
 79017 | Tomb:1   | Noticed a greater mummy
 79021 | Tomb:1   | Killed a greater mummy
 79402 | Tomb:1   | Killed a greater mummy
 79697 | Tomb:1   | Noticed a greater mummy
 79702 | Tomb:1   | Killed a greater mummy
 80605 | Tomb:2   | Noticed a greater mummy
 80605 | Tomb:2   | Noticed a greater mummy
 80607 | Tomb:2   | Noticed a greater mummy
 81545 | Slime:1  | Entered Level 1 of the Pits of Slime
 81668 | Slime:2  | Noticed Dissolution
 81672 | Slime:2  | Killed Dissolution
 81960 | Slime:3  | Reached skill level 26 in Air Magic
 81960 | Slime:3  | Reached XP level 27. HP: 187/187 MP: 31/52
 82552 | Slime:5  | Found a viscous altar of Jiyva.
 82854 | Slime:6  | Entered Level 6 of the Pits of Slime
 83038 | Slime:6  | Noticed the Royal Jelly
 83043 | Slime:6  | Killed the Royal Jelly
 83585 | Slime:6  | Got a slimy rune of Zot
 83742 | Slime:6  | Identified Sif Muna's Collected Works on Quantum Bewitchment (You found it on level 6 of the Pits of Slime)
 84948 | Geh:1    | Entered Level 1 of Gehenna
 86146 | Geh:2    | Reached skill level 27 in Air Magic
 86507 | Dis:1    | Entered Level 1 of the Iron City of Dis
 86987 | Tar:1    | Entered Level 1 of Tartarus
 87558 | Pan      | Entered Pandemonium
 87657 | Pan      | Gained mutation: Potions and wands are less effective at restoring your health. [a neqoxec]
 87695 | Pan      | Noticed Fenuomn the pandemonium lord
 87699 | Pan      | Killed Fenuomn the pandemonium lord
 87921 | Pan      | Got a garnet-studded storm dragon armour
 88023 | Pan      | Found an exit through the horrors of the Abyss.
 88428 | Pan      | Noticed Esoamo the pandemonium lord
 88436 | Pan      | Killed Esoamo the pandemonium lord
 89064 | Pan      | Found an exit through the horrors of the Abyss.
 89174 | Pan      | Took an exit into the Abyss.
 89174 | Abyss:1  | Escaped into the Abyss
 89310 | Abyss:1  | Gained mutation: Armour fits poorly on your strangely shaped body. [a neqoxec]
 89323 | Abyss:1  | Lost mutation: You are somewhat resistant to further mutation. [potion of cure mutation]
 89323 | Abyss:1  | Lost mutation: Armour fits poorly on your strangely shaped body. [potion of cure mutation]
 89323 | Abyss:1  | Lost mutation: Potions and wands are less effective at restoring your health. [potion of cure mutation]
 90267 | Abyss:5  | Entered Level 5 of the Abyss
 90335 | Abyss:5  | Found a corrupted altar of Lugonu.
 90363 | Abyss:5  | Found a corrupted altar of Lugonu.
 90393 | Abyss:5  | Reached skill level 5 in Stealth
 90462 | Abyss:5  | Gained mutation: Your magical capacity is low (-10% MP). [mutagenic glow]
 90542 | Abyss:5  | Drowned

Skill      XL: |  1  2  3  4  5  6  7  8  9 10 11 12 13 14 15 16 17 18 19 20 21 22 23 24 25 26 27 |
---------------+----------------------------------------------------------------------------------+-----
Conjurations   | 2 3 4 5 7 9 10 11 12 14 15 16 17 18 19 20 21 22 | 22.3
Air Magic      | 4 5 6 7 9 10 12 14 15 16 17 18 19 20 21 22 23 24 26 27 | 27.0
Spellcasting   | 3 4 5 6 7 9 10 11 13 14 16 17 18 19 20 21 22 23 24 26 | 26.9
Fighting       | 1 2 3 4 5 7 8 9 10 11 12 13 14 15 16 17 19 | 19.4
Evocations     | 1 2 3 4 5 6 7 8 9 10 11 12 13 14 15 | 15.2
Dodging        | 3 4 5 7 8 9 11 12 13 14 15 16 17 18 20 | 20.0
Ice Magic      | 2 4 5 6 |  6.2
Shields        | 4 |  4.0
Charms         | 4 7 |  7.7
Stealth        | 6 |  6.0

Action                   |  1- 3 |  4- 6 |  7- 9 | 10-12 | 13-15 | 16-18 | 19-21 | 22-24 | 25-27 || total
-------------------------+-------+-------+-------+-------+-------+-------+-------+-------+-------++-------
Melee: Unarmed           |    12 |       |       |       |       |       |       |       |       ||    12
       Mace              |       |       |     7 |       |       |       |       |       |       ||     7
       Flail             |       |       |    55 |    27 |       |       |       |       |       ||    82
       Staff             |       |       |       |    46 |   242 |   146 |    24 |    87 |   342 ||   887
 Fire: Hunting sling     |       |     2 |    17 |       |       |       |       |       |       ||    19
 Cast: Shock             |    78 |    69 |   234 |   349 |   234 |    75 |    23 |     4 |    20 ||  1086
       Static Discharge  |       |     4 |    63 |   132 |   280 |   159 |    93 |    56 |    45 ||   832
       Swiftness         |       |       |     2 |     9 |     5 |     8 |     3 |     4 |     2 ||    33
       Repel Missiles    |       |       |     2 |     2 |     1 |     4 |     5 |     5 |       ||    19
       Lightning Bolt    |       |       |     9 |    65 |   126 |    88 |   191 |   156 |   297 ||   932
       Stone Arrow       |       |       |       |     5 |     3 |       |       |       |       ||     8
       Freezing Cloud    |       |       |       |    28 |   155 |    88 |    19 |     3 |     5 ||   298
       Orb of Destructio |       |       |       |       |    25 |    87 |    45 |    89 |   132 ||   378
       Chain Lightning   |       |       |       |       |     2 |    77 |    93 |   121 |   211 ||   504
       Conjure Ball Ligh |       |       |       |       |       |     2 |       |       |     1 ||     3
       Tornado           |       |       |       |       |       |       |    15 |    32 |    68 ||   115
       Haste             |       |       |       |       |       |       |       |       |     8 ||     8
       Blink             |       |       |       |       |       |       |       |       |     5 ||     5
       Deflect Missiles  |       |       |       |       |       |       |       |       |     3 ||     3
       Summon Lightning  |       |       |       |       |       |       |       |       |     3 ||     3
Evoke: Wand              |       |     3 |     5 |    25 |     6 |    13 |    11 |     3 |    18 ||    84
       Deck              |       |       |       |     1 |       |     3 |     3 |     2 |       ||     9
       Disc of storms    |       |       |       |       |     2 |     5 |     3 |     1 |     2 ||    13
       Fan of gales      |       |       |       |       |       |     2 |     2 |       |     1 ||     5
       Stone of tremors  |       |       |       |       |       |     1 |     2 |     1 |     2 ||     6
       Lamp of fire      |       |       |       |       |       |       |       |       |     1 ||     1
  Use: Scroll            |       |     6 |    14 |    11 |    14 |    13 |     8 |    11 |    12 ||    89
       Potion            |       |       |     1 |     2 |     4 |       |     7 |     2 |     4 ||    20
 Stab: Invisible         |       |       |     1 |       |       |       |       |       |       ||     1
       Distracted        |       |       |       |       |       |       |       |       |     2 ||     2
  Eat: Chunk             |     3 |     6 |    20 |    20 |   126 |    70 |    68 |    76 |    49 ||   438
       Fruit             |       |       |     3 |     5 |       |     2 |       |       |     8 ||    18
       Pizza             |       |       |     1 |     1 |       |     2 |       |       |     3 ||     7
       Beef jerky        |       |       |       |     5 |       |     5 |       |       |       ||    10
       Meat ration       |       |       |       |     2 |       |     2 |       |       |       ||     4
       Bread ration      |       |       |       |     1 |       |     1 |       |       |     1 ||     3
       Royal jelly       |       |       |       |       |       |     5 |       |     1 |       ||     6
Armor: Robe              |     4 |     4 |    38 |    88 |   107 |    82 |    52 |    82 |   218 ||   675
Dodge: Dodged            |    21 |     8 |   109 |   274 |   482 |   337 |   182 |   254 |   606 ||  2273
       Deflected         |       |       |    13 |     4 |    15 |    45 |    24 |    26 |    28 ||   155
Block: Buckler           |       |       |       |       |       |   101 |    72 |    78 |   131 ||   382
